 Dungeon Crawl Stone Soup version 0.19.1 (webtiles) character file.

100 Kailar the Ruffian (level 4, -1/38 HPs)
             Began as a Ghoul Monk on Nov 28, 2016.
             Slain by a goblin
             ... wielding a cursed -3 club
             ... led by Robin
              (6 damage)
             ... on level 3 of the Dungeon.
             The game lasted 00:19:51 (1769 turns).

Kailar the Ruffian (Ghoul Monk)                     Turns: 1769, Time: 00:19:58

Health: -1/38      AC:  2    Str: 14    XL:     4   Next: 74%
Magic:  3/3        EV: 13    Int:  5    God:
Gold:   108        SH:  0    Dex: 12    Spells: 0 memorised, 3 levels left

rFire  . . .     SeeInvis .       - Unarmed
rCold  + . .     Gourm    .     a - +0 robe
rNeg   + + +     Faith    .     (no shield)
rPois  ∞         Spirit   .     (no helmet)
rElec  .         Reflect  .     (no cloak)
rCorr  .         Harm     .     (no gloves)
MR     +....                    (no boots)
Stlth  ++........               (no amulet)
                                (no ring)
                                l - ring of protection from magic

@: rotting
A: rotting body, claws 1, carnivore 3, cold resistance 1, negative energy
resistance 3, slow regeneration 1, torment resistance, unbreathing
a: no special abilities


You were on level 3 of the Dungeon.
You were not hungry.

You visited 1 branch of the dungeon, and saw 3 of its levels.

You collected 108 gold pieces.

Inventory:

Hand Weapons
 c - a +0 hunting sling
 o - a +0 quarterstaff
 q - a +0 rapier
Missiles
 d - 13 arrows
 f - 64 stones (quivered)
Armour
 a - a +0 robe (worn)
 e - a +0 ring mail
 i - a +0 scale mail
Jewellery
 l - a ring of protection from magic (left claw)
Wands
 m - a wand of flame (34/48)
Scrolls
 k - 2 scrolls of recharging {unknown}
 n - a scroll of remove curse {unknown}
 r - a scroll of blinking {unknown}
Potions
 g - a potion of heal wounds
 p - 3 potions of cancellation {unknown}
 s - a potion of agility {unknown}
Comestibles
 b - a meat ration
 h - a chunk of flesh
 j - a slice of pizza


   Skills:
 - Level 3.4 Fighting
 - Level 1.0 Throwing
 - Level 2.8 Dodging
 - Level 2.1 Stealth
 + Level 5.4 Unarmed Combat


You had 3 spell levels left.
You didn't know any spells.

Dungeon Overview and Level Annotations

Branches:
Dungeon (3/15)

Altars:
The Shining One

Annotations:
D:3 Robin


Innate Abilities, Weirdness & Mutations

Your body is rotting away.
You thrive on raw meat.
You are immune to poison.
You have sharp fingernails.
You are carnivorous and can eat meat at any time.
Your flesh is cold resistant. (rC+)
You are immune to negative energy. (rN+++)
You regenerate slowly when monsters are visible.
You are immune to unholy pain and torment.
You can survive without breathing.


Message History

You scratch Robin.
Robin is lightly wounded.
Robin throws the goblin at you!
Some of the chunks of flesh in your inventory have rotted away.
A goblin comes into view. It is wielding a club.
You claw Robin!
Robin is severely wounded.
The goblin hits you with a club.
* * * LOW HITPOINT WARNING * * *
Robin hits you with a short sword.
* * * LOW HITPOINT WARNING * * *
You barely miss the goblin.
An adder comes into view.
You scratch Robin but do no damage.
Robin is severely wounded.
The goblin no longer looks unusually strong.
Robin roars a battlecry!
The goblin goes into a battle-frenzy!
The goblin hits you with a club.
You die...

...... .g
......###.
.........
#.....g#
#.#.#.#
#.#.g# #.#)#
#.#gS######
#.#.#gg@g..#
#.#.#.#####.#
#.#.#.# #.#
.#.#.# #.#
#.#?# # #.#
.#.#
##.#.#### .#
#.......#
####.##.####
...##....#


You could see Robin, an adder and 3 goblins.

Vanquished Creatures
  An adder (D:2)
  A gnoll (D:1)
  An adder skeleton (D:3)
  3 worms (D:2)
  2 dart slugs
  3 leopard geckos
  A ball python (D:1)
  6 giant cockroaches
  9 goblins
  6 hobgoblins
  2 jackals (D:1)
  5 kobolds
  3 quokkas
  9 bats
  3 frilled lizards
  2 rats
57 creatures vanquished.

Notes
Turn   | Place    | Note
-------+----------+-------------------------------------------
     0 | D:1      | Kailar the Ghoul Monk began the quest for the Orb.
     0 | D:1      | Reached XP level 1. HP: 19/19 MP: 0/0
   320 | D:1      | Reached XP level 2. HP: 22/25 MP: 1/1
   354 | D:1      | Reached skill level 4 in Unarmed Combat
   443 | D:1      | Reached XP level 3. HP: 23/31 MP: 2/2
  1203 | D:2      | Reached XP level 4. HP: 35/38 MP: 3/3
  1224 | D:2      | Reached skill level 5 in Unarmed Combat
  1370 | D:2      | Found a glowing golden altar of the Shining One.
  1744 | D:3      | Reached skill level 1 in Throwing
  1748 | D:3      | Noticed Robin
  1769 | D:3      | Slain by a goblin

Skill      XL: |  1  2  3  4 |
---------------+-------------+-----
Unarmed Combat | 4 5 |  5.4
Throwing       | 1 |  1.0
Fighting       | |  3.4
Dodging        | |  2.8
Stealth        | |  2.1

Action                   |  1- 3 |  4- 6 || total
-------------------------+-------+-------++-------
Melee: Unarmed           |   104 |    57 ||   161
       Punch             |       |     2 ||     2
Throw: Stone             |    21 |     2 ||    23
  Use: Scroll            |     1 |       ||     1
       Potion            |     1 |       ||     1
 Stab: Sleeping          |     2 |     5 ||     7
  Eat: Chunk             |    10 |     5 ||    15
Armor: Robe              |    24 |     6 ||    30
Dodge: Dodged            |    63 |    28 ||    91
